 Dungeon Crawl Stone Soup version 0.21.1-1-g345015f (webtiles) character file.

29654 Goblin1989 the Grappler (level 13, 0/105 HPs)
             Began as a Demonspawn Chaos Knight on Feb 20, 2018.
             Slain by a komodo dragon (11 damage)
             ... on level 4 of the Lair of Beasts.
             The game lasted 00:59:45 (21781 turns).

Goblin1989 the Grappler (Demonspawn Chaos Knight)  Turns: 21781, Time: 00:59:46

Health: 0/105      AC: 11    Str: 21    XL:     13   Next: 16%
Magic:  0/16       EV: 11    Int: 13    God:    Xom [*.....]
Gold:   846        SH:  5    Dex: 15    Spells: 12/12 levels left

rFire    + + .     SeeInvis .     - Unarmed
rCold    + + .     Gourm    +   x - +0 buckler
rNeg     . . .     Faith    .   N - +0 plate armour
rPois    +         Spirit   +   U - +0 hat {god gift}
rElec    .         Reflect  .   (no cloak)
rCorr    .         Harm     .   (gloves unavailable)
MR       .....                  q - +0 pair of boots
Stlth    ..........             d - amulet of the gourmand
HPRegen  0.27/turn              H - +5 ring of strength
MPRegen  0.15/turn              y - +4 ring of slaying

@: no status effects
A: antennae 2, claws 3, hooves 1, cold resistance 2, deformed body, fire
resistance 2, mutation resistance 1, poison resistance, shaggy fur 1, magic
shield, flame cloud immunity
a: Renounce Religion


You were on level 4 of the Lair of Beasts.
You worshipped Xom.
You were a special plaything of Xom.
You were very full.

You visited 2 branches of the dungeon, and saw 16 of its levels.
You also visited: Sewer and Ossuary.

You collected 1134 gold pieces.
You spent 288 gold pieces at shops.

Inventory:

Hand Weapons
 w - a +0 blowgun {@w1}
 D - the +8 whip "Banyl" {freeze, rPois rN+ Stlth+}
   (You found it on level 5 of the Dungeon)

   It has been specially enchanted to freeze those struck by it, causing extra
   injury to most foes and up to half again as much damage against particularly
   susceptible opponents.
   It can also slow down cold-blooded creatures.
   It protects you from poison.
   It protects you from negative energy.
   It makes you more stealthy.
 L - a +5 hand axe of flaming
Missiles
 X - 8 javelins of returning (quivered)
 Z - 3 throwing nets {!d}
Armour
 h - the +3 hat of Pondering {ponderous, MR+ MP+10 Int+5}
   (You took it off Gastronok on level 1 of the Lair of Beasts)

   It affects your intelligence (+5).
   It affects your resistance to hostile enchantments.
   It affects your magic capacity (+10).
 q - a +0 pair of boots (worn)
 x - a +0 buckler (worn)
 N - a +0 plate armour (worn)
 U - a +0 hat (worn) {god gift}
Jewellery
 d - an amulet of the gourmand (around neck)
 f - an uncursed ring of protection from fire
 g - an uncursed ring of resist corrosion
 m - an uncursed ring of protection from magic
 v - an uncursed ring of protection from fire
 y - a +4 ring of slaying (right claw)
 H - a +5 ring of strength (left claw)
Wands
 j - a wand of digging (7)
 u - a wand of flame (59)
 A - a wand of acid (14)
 E - a wand of enslavement (26)
 I - a wand of iceblast (33)
 P - a wand of paralysis (11)
 W - a wand of clouds (6)
Scrolls
 b - a scroll of torment
 c - a scroll of summoning
 n - 3 scrolls of immolation {unknown}
 B - a scroll of blinking
 F - 7 scrolls of remove curse {@r2}
 G - 3 scrolls of enchant armour
 K - 2 scrolls of amnesia {unknown}
 M - 4 scrolls of magic mapping
 R - 5 scrolls of fog
 T - 18 scrolls of teleportation {!r, @r3}
Potions
 i - 9 potions of curing {@q1}
 k - 3 potions of brilliance
 p - 6 potions of ambrosia
 r - 5 potions of haste {@q3, !q}
 s - 2 potions of resistance
 t - 2 potions of heal wounds {@q2, !q}
 z - 2 potions of flight {god gift}
 C - 4 potions of might
 J - a potion of lignification
 O - 2 potions of agility
 Q - 6 potions of mutation {!q}
 S - a potion of berserk rage
 V - 3 potions of magic
Miscellaneous
 Y - a fan of gales
Comestibles
 e - 26 rations


   Skills:
 + Level 10.9 Fighting
 - Level 3.2 Maces & Flails
 + Level 8.7 Armour
 + Level 9.7 Dodging
 - Level 4.0 Shields
 * Level 11.5 Unarmed Combat
 - Level 5.0 Evocations


You had 12 spell levels left.
You didn't know any spells.

Dungeon Overview and Level Annotations

Branches:
Dungeon (12/15)            Temple (0/1) D:7            Lair (4/6) D:10
  Swamp (0/4) Lair:2       Spider (0/4) Lair:2          Orc (0/2) D:11

Altars:
Ashenzari
Cheibriados
Dithmenos
Ru
Trog
Xom
Yredelemnul

Shops:
D:6 %   D:9 !   D:11 *

Annotations:
D:3 1 runed door


Innate Abilities, Weirdness & Mutations

You have a pair of antennae on your head.
You have claws for hands.
You have large cloven feet.
Your flesh is very heat resistant. (rF++)
When hurt, damage is shared between your health and your magic reserves.
You are immune to clouds of flame.
Your flesh is very cold resistant. (rC++)
Armour fits poorly on your strangely shaped body.
You are somewhat resistant to further mutation.
Your system is resistant to poisons. (rPois)
You are covered in fur. (AC +1)


Message History

Found a stone staircase leading up.
T - 18 scrolls of teleportation {!r, @r3} (gained 1)
e - 26 rations (gained 1) "You need some minor adjustments, mortal!"
Your body is suffused with distortional energy.
Nature stops experimenting on you.
You feel genetically stable.
There is a stone staircase leading down here.
Found a stone staircase leading down.
There is a stone staircase leading down here.
Xom grants you a gift! Something appears at your feet!
You are now a special plaything of Xom.
You see here a pair of runed gloves {god gift}.
You see here a pair of runed gloves {god gift}.
You see here a pair of runed gloves {god gift}.
You see here a pair of runed gloves {god gift}.
Done exploring.
Unknown command.
(D) Dungeon (T) Temple (L) Lair (S) Swamp (N) Spider Nest (O) Orcish Mines
Where to? (Enter - Lair:3, ? - help)
You see here a pair of runed gloves {god gift}.
There is a stone staircase leading down here.
You climb downwards.
Found a bloodstained altar of Trog.
There is a stone staircase leading up here.
Unknown command.
You now have 846 gold pieces (gained 14).
A komodo dragon comes into view.
The komodo dragon hisses angrily.
A komodo dragon is nearby!
A spiny frog comes into view.
The spiny frog croaks.
A blink frog comes into view.
The blink frog croaks.
You hear a croak.
The komodo dragon barely misses you. 2 blink frogs come into view.
The blink frog gives a loud, deep croak!
You mangle the komodo dragon!!
The komodo dragon is severely wounded.
The komodo dragon bites you!!
You take 23 damage, and have 82/105 hp.
MASSIVE DAMAGE!!
You now have 12/16 mp.
You barely miss the komodo dragon.
The komodo dragon is severely wounded.
The blink frog blinks!
The komodo dragon bites you!!
A blink frog comes into view.
You take 16 damage, and have 66/105 hp.
You now have 9/16 mp.
You completely miss the komodo dragon.
The komodo dragon is severely wounded.
The blink frog blinks!
A blink frog comes into view.
You completely miss the komodo dragon.
The komodo dragon is severely wounded.
The blink frog gives a loud, deep croak!
The komodo dragon barely misses you.
You scratch the komodo dragon.
The komodo dragon is severely wounded.
The spiny frog stings you! The komodo dragon bites you!
* * * LOW HITPOINT WARNING * * *
The blink frog blinks!
You are too injured to fight recklessly!
You are too injured to fight recklessly!
You are too injured to fight recklessly!
You take 23 damage, and have 44/105 hp.
MASSIVE DAMAGE!!
You now have 6/16 mp.
You are too injured to fight recklessly!
You are too injured to fight recklessly!
You are too injured to fight recklessly!
You are too injured to fight recklessly!
You are too injured to fight recklessly!
You are too injured to fight recklessly!
You are too injured to fight recklessly!
You are too injured to fight recklessly!
You are too injured to fight recklessly!
You are too injured to fight recklessly!
The blink frog blinks!
The spiny frog stings you.
* * * LOW HITPOINT WARNING * * *
The blink frog hits you!
* * * LOW HITPOINT WARNING * * *
You emit a cloud of colourful smoke!
The blink frog blinks!
You take 11 damage, and have 33/105 hp.
You now have 5/16 mp.
The spiny frog stings you!
* * * LOW HITPOINT WARNING * * *
You take 7 damage, and have 26/105 hp.
You now have 3/16 mp.
The spiny frog stings you but does no damage.
The blink frog blinks!
The blink frog blinks!
The blink frog hits you.
* * * LOW HITPOINT WARNING * * *
The blink frog blinks!
You take 2 damage, and have 24/105 hp.
You now have 3/16 mp.
The blink frog blinks!
The spiny frog stings you!
* * * LOW HITPOINT WARNING * * *
You take 14 damage, and have 10/105 hp.
You now have 1/16 mp.
There is a stone staircase leading up here.
Unknown command.
The blink frog hits you but does no damage.
The komodo dragon bites you!
You die...
Xom snickers!

██§.██..████.██
███...F.§█
█........█
█P....F..███████.
███...⌂..........
██.....█.█.██PP
█......███
██.FFl.█ ███@..█
█.[█....█
██..█..P█
█.███.██ █.P .P█
█.█ ... █.█ ██
..█


You could see a komodo dragon, a spiny frog and 3 blink frogs.

Vanquished Creatures
  Gastronok (Lair:1)
  A hydra (Lair:2)
  A two-headed ogre (D:9)
  9 death yaks
  Pikel (D:5)
  A cyclops (Lair:2)
  The ghost of tidbits the Insei, a novice GnTm of Cheibriados (D:9)
  An ugly thing (D:12)
  A manticore (D:11)
  A black mamba (Lair:2)
  Joseph (D:10)
  Psyche (D:8)
  The ghost of AdmiralAndromeda the Chopper, a novice NaWr (D:6)
  2 centaur zombies (D:12)
  7 spiny frogs
  2 komodo dragons
  3 trolls
  A jumping spider (Lair:2)
  A polar bear (Lair:2)
  A hornet (D:12)
  2 hippogriffs (Lair:2)
  Prince Ribbit (D:7)
  Grinder (D:5)
  11 blink frogs
  4 redbacks (Lair:2)
  A spriggan (Lair:2)
  A wraith (Ossuary)
  A basilisk (Lair:1)
  11 yaks
  A hungry ghost (D:12)
  Edmund (D:4)
  6 water moccasins
  2 porcupines
  2 orc warriors
  Duvessa (D:5)
  2 ice beasts
  5 sky beasts
  A black bear (Lair:2)
  7 ogres
  8 wolves (Lair:2)
  4 centaurs
  2 phantoms
  A necrophage (D:9)
  3 crocodiles
  A big kobold (D:7)
  7 bullfrogs
  4 scorpions
  13 killer bees (D:8)
  2 electric eels (Lair:1)
  7 wights
  A howler monkey (D:6)
  5 crimson imps
  3 bullfrog zombies
  A quasit (D:8)
  2 centaur skeletons
  6 hounds
  2 jellies
  2 bullfrog skeletons
  A human zombie (D:7)
  6 orc priests
  3 iguanas
  Ijyb (D:5)
  Natasha (twice) (D:2)
  9 orc wizards
  3 worker ants
  A mummy (Ossuary)
  A worker ant zombie (D:6)
  17 adders
  3 gnolls (D:9)
  4 river rats (Sewer)
  3 shadow imps
  An ooze (Sewer)
  2 adder skeletons
  A worm (shapeshifter) (D:10)
  3 worms
  5 dart slugs
  11 leopard geckos
  29 orcs
  4 bats
  5 giant cockroaches
  10 goblins
  10 hobgoblins
  7 jackals
  4 quokkas
  10 ball pythons
  8 frilled lizards
  7 gnoll skeletons (Ossuary)
  A jackal zombie (D:7)
  17 kobolds
  8 kobold skeletons (Ossuary)
  10 orc skeletons (Ossuary)
  28 rats
408 creatures vanquished.

Vanquished Creatures (collateral kills)
  A hydra (Lair:2)
  A blink frog (Lair:3)
  A bullfrog (D:8)
3 creatures vanquished.

Vanquished Creatures (others)
  A slave (D:5)
  Dowan (D:5)
  A killer bee (D:8)
  An orc wizard (D:5)
  3 orcs
  A jackal (D:3)
  6 fungi
  6 plants (Lair:2)
20 creatures vanquished.

Grand Total: 431 creatures vanquished

Notes
Turn   | Place    | Note
-------+----------+-------------------------------------------
     0 | D:1      | Goblin1989 the Demonspawn Chaos Knight began the quest for the Orb.
     0 | D:1      | Reached XP level 1. HP: 18/18 MP: 1/1
   210 | D:1      | XOM: harmless Erth miscast
   349 | D:1      | Gained mutation: You have sharp fingernails. [demonic ancestry]
   349 | D:1      | Reached XP level 2. HP: 24/24 MP: 2/2
   486 | D:1      | Reached skill level 1 in Unarmed Combat
   544 | D:1      | XOM: 3-stop teleportation journey
   653 | D:1      | Gained mutation: When hurt, damage is shared between your health and your magic reserves. [demonic ancestry]
   653 | D:1      | Reached XP level 3. HP: 12/29 MP: 3/3
   678 | D:1      | Reached skill level 2 in Unarmed Combat
  1167 | D:2      | Found a sacrificial altar of Ru.
  1167 | D:2      | XOM: 1-stop teleportation journey
  1219 | D:2      | Noticed Natasha
  1235 | D:2      | Killed Natasha
  1235 | D:2      | Reached XP level 4. HP: 30/35 MP: 2/4
  1454 | D:2      | XOM: harmless Necr miscast
  1456 | D:2      | Reached skill level 3 in Unarmed Combat
  1562 | D:2      | XOM: divination: magic mapping
  1921 | D:2      | Noticed Natasha
  1923 | D:2      | XOM: swap monsters
  1934 | D:2      | Killed Natasha
  2125 | D:2      | Reached XP level 5. HP: 40/41 MP: 5/5
  2154 | D:2      | XOM: scenery: create altars
  2168 | D:2      | XOM: confuse monster(s)
  2358 | D:2      | XOM: give mutations
  2358 | D:2      | Gained mutation: Armour fits poorly on your strangely shaped body. [Xom's mischief]
  2358 | D:2      | Gained mutation: You occasionally shout uncontrollably at your foes. [Xom's mischief]
  2447 | D:3      | Reached skill level 4 in Unarmed Combat
  2474 | D:3      | XOM: scenery: create altars
  2538 | D:3      | Found a glowing drain.
  2542 | Sewer    | Entered a sewer
  2832 | Sewer    | XOM: give mutations
  2832 | Sewer    | Gained mutation: Your mind is acute. (Int +2) [Xom's grace]
  2832 | Sewer    | Gained mutation: Your system is resistant to poisons. (rPois) [Xom's grace]
  2832 | Sewer    | Gained mutation: Your flesh is cold resistant. (rC+) [Xom's grace]
  3055 | Sewer    | XOM: 7-stop teleportation journey
  3175 | Sewer    | XOM: give mutations
  3175 | Sewer    | Gained mutation: You have very sharp fingernails. [Xom's grace]
  3175 | Sewer    | Gained mutation: Your flesh is very cold resistant. (rC++) [Xom's grace]
  3175 | Sewer    | Gained mutation: You are covered in fur. (AC +1) [Xom's grace]
  3177 | Sewer    | XOM: chaos cloud
  3252 | Sewer    | Reached skill level 5 in Unarmed Combat
  3252 | Sewer    | Gained mutation: Your flesh is heat resistant. (rF+) [demonic ancestry]
  3252 | Sewer    | Reached XP level 6. HP: 29/47 MP: 3/6
  3442 | Sewer    | XOM: give mutations
  3442 | Sewer    | Gained mutation: You have a pair of small horns on your head. [Xom's mischief]
  3442 | Sewer    | Gained mutation: You are frail. (-10% HP) [Xom's mischief]
  3509 | Sewer    | Reached skill level 1 in Dodging
  3584 | Sewer    | XOM: give mutations
  3584 | Sewer    | Gained mutation: You evolve. [Xom's grace]
  3584 | Sewer    | Gained mutation: Your spells are a little harder to cast, but a little more powerful. [Xom's grace]
  3685 | Sewer    | XOM: scenery: create altars
  3903 | D:3      | XOM: mild Hex miscast
  3977 | D:3      | Lost mutation: You occasionally shout uncontrollably at your foes. [evolution]
  4276 | D:3      | XOM: scenery: create altars
  4305 | D:3      | XOM: 1-stop teleportation journey
  4326 | D:3      | Found a runed door.
  4446 | D:3      | XOM: give mutations
  4446 | D:3      | Gained mutation: Your mind is very acute. (Int +4) [Xom's grace]
  4446 | D:3      | Gained mutation: You have supernaturally acute eyesight. (SInv) [Xom's grace]
  4446 | D:3      | Gained mutation: You are resistant to hostile enchantments. (MR+) [Xom's grace]
  4462 | D:4      | Found a basalt altar of Yredelemnul.
  4462 | D:4      | Found a snail-covered altar of Cheibriados.
  4500 | D:4      | Noticed Edmund
  4508 | D:4      | XOM: cleaving
  4512 | D:4      | XOM: fake destruction
  4518 | D:4      | Killed Edmund
  4518 | D:4      | Mutation became permanent: You have sharp fingernails. [demonic ancestry]
  4518 | D:4      | Gained mutation: You have very sharp fingernails. [demonic ancestry]
  4518 | D:4      | Reached XP level 7. HP: 39/47 MP: 3/7
  4680 | D:4      | Reached skill level 6 in Unarmed Combat
  4694 | D:4      | XOM: divination: magic mapping
  4791 | D:4      | XOM: 1-stop teleportation journey
  4793 | D:4      | XOM: 3-stop teleportation journey
  5302 | D:5      | Entered Level 5 of the Dungeon
  5313 | D:5      | Noticed Grinder
  5325 | D:5      | Killed Grinder
  5325 | D:5      | Reached skill level 1 in Shields
  5460 | D:4      | XOM: scenery: create altars
  5494 | D:4      | XOM: cloud trail
  5696 | D:5      | XOM is BORED!
  5696 | D:5      | XOM: medium Erth miscast
  5827 | D:5      | Noticed Pikel
  5861 | D:5      | Paralysed by Pikel for 4 turns
  5870 | D:5      | Killed Pikel
  5870 | D:5      | Reached skill level 5 in Fighting
  5870 | D:5      | Reached XP level 8. HP: 24/55 MP: 3/8
  6111 | D:5      | XOM: god gift: 2 green potions {god gift}
  6160 | D:5      | Noticed Duvessa
  6178 | D:5      | Killed Duvessa
  6182 | D:5      | XOM: 1-stop teleportation journey
  6384 | D:5      | XOM: stat loss: -1 Int (16/17)
  6673 | D:5      | Noticed Ijyb
  6678 | D:5      | Killed Ijyb
  6709 | D:5      | Got a transparent whip
  6710 | D:5      | Identified the +8 whip "Banyl" {freeze, rPois rN+ Stlth+} (You found it on level 5 of the Dungeon)
  6817 | D:5      | Killed Dowan
  6911 | D:5      | XOM: medium Summ miscast
  7177 | D:4      | XOM: give mutations
  7177 | D:4      | Lost mutation: You have a pair of small horns on your head. [Xom's mischief]
  7177 | D:4      | Lost mutation: Your mind is very acute. (Int +4) [Xom's mischief]
  7375 | D:5      | Got an ichor-stained robe
  7410 | D:6      | Reached skill level 7 in Unarmed Combat
  7682 | D:6      | Found Hestun's Food Shoppe.
  7819 | D:6      | Lost mutation: You are resistant to hostile enchantments. (MR+) [evolution]
  7892 | D:6      | Noticed AdmiralAndromeda's ghost (novice NaWr)
  7895 | D:6      | XOM: harmless Conj miscast
  7896 | D:6      | XOM: noise
  7933 | D:6      | XOM: noise
  7939 | D:6      | Lost mutation: Your spells are a little harder to cast, but a little more powerful. [potion of mutation]
  7939 | D:6      | Lost mutation: Your mind is acute. (Int +2) [potion of mutation]
  7939 | D:6      | Lost mutation: You are frail. (-10% HP) [potion of mutation]
  7939 | D:6      | Lost mutation: You have supernaturally acute eyesight. (SInv) [potion of mutation]
  7939 | D:6      | Gained mutation: You are dopey. (Int -2) [potion of mutation]
  7939 | D:6      | Gained mutation: Your flesh is very heat resistant. (rF++) [potion of mutation]
  7939 | D:6      | Gained mutation: You are robust. (+10% HP) [potion of mutation]
  7949 | D:6      | Killed AdmiralAndromeda's ghost
  7949 | D:6      | Gained mutation: You have claws for hands. [demonic ancestry]
  7949 | D:6      | Reached XP level 9. HP: 75/75 MP: 9/9
  8095 | D:6      | Identified the cursed +0 robe "Oqyos" {Slay+2} (You found it on level 5 of the Dungeon)
  8242 | D:6      | Reached skill level 5 in Dodging
  8701 | D:7      | XOM: cast spell 'Dispersal'
  8713 | D:7      | Found a sand-covered staircase.
  8718 | Ossuary  | Entered an ossuary
  8983 | Ossuary  | XOM: give mutation
  8983 | Ossuary  | Lost mutation: You are dopey. (Int -2) [Xom's mischief]
  9069 | Ossuary  | XOM: silly message
  9171 | Ossuary  | XOM: mild Tmut miscast
  9200 | D:7      | XOM: blink monster(s)
  9459 | D:7      | Found a staircase to the Ecumenical Temple.
  9487 | D:7      | XOM: potion effect (curing)
  9490 | D:7      | XOM: potion effect (invisibility)
  9548 | D:7      | XOM: potion effect (might)
  9744 | D:7      | Noticed Prince Ribbit
  9751 | D:7      | Killed Prince Ribbit
 10062 | D:8      | XOM: god gift: scroll labeled QAGOIK SIXUMI {god gift}
 10204 | D:8      | Noticed Psyche
 10215 | D:8      | Killed Psyche
 10215 | D:8      | Reached skill level 8 in Unarmed Combat
 10215 | D:8      | Gained mutation: You are immune to clouds of flame. [demonic ancestry]
 10215 | D:8      | Reached XP level 10. HP: 77/86 MP: 8/10
 10281 | D:8      | XOM: confusion
 10519 | D:8      | XOM: god gift: fan of gales {god gift}
 10561 | D:8      | XOM: fake destruction
 10564 | D:8      | XOM: destruction
 11008 | D:8      | Found a shattered altar of Ashenzari.
 11102 | D:8      | XOM: cloud trail
 11638 | D:8      | Lost mutation: You are robust. (+10% HP) [evolution]
 11873 | D:9      | XOM: confuse monster(s)
 11916 | D:9      | XOM: cloud trail
 12097 | D:9      | Noticed tidbits's ghost (novice GnTm)
 12104 | D:9      | Noticed a two-headed ogre
 12104 | D:9      | Reached skill level 5 in Armour
 12107 | D:9      | XOM: cast spell 'Statue Form'
 12112 | D:9      | XOM: summons friendly ufetubus
 12116 | D:9      | Killed a two-headed ogre
 12118 | D:9      | Killed tidbits's ghost
 12267 | D:9      | Found a shadowy altar of Dithmenos.
 12325 | D:9      | Found Tolucat's Distillery.
 12333 | D:9      | Bought 2 potions of ambrosia for 192 gold pieces
 12333 | D:9      | Bought a potion of might for 48 gold pieces
 12333 | D:9      | Bought a potion of agility for 48 gold pieces
 12426 | D:9      | XOM: divination: detect creatures
 12720 | D:9      | XOM: god gift: 43 gold pieces {god gift}
 12916 | D:9      | XOM: fog
 12930 | D:9      | Reached skill level 9 in Unarmed Combat
 13091 | D:9      | XOM: harmless Erth miscast
 13160 | D:10     | Entered Level 10 of the Dungeon
 13251 | D:10     | XOM: scenery: 2 doors close
 13372 | D:10     | XOM: polymorph iguana -> worm
 13408 | D:10     | Found a staircase to the Lair.
 13452 | D:10     | Gained mutation: You have a pair of small antennae on your head. [demonic ancestry]
 13452 | D:10     | Reached XP level 11. HP: 69/87 MP: 9/11
 13467 | D:10     | Reached skill level 1 in Evocations
 13894 | D:10     | Noticed Joseph
 13908 | D:10     | Killed Joseph
 13952 | D:10     | XOM: medium Ice miscast
 14525 | D:11     | XOM: 1-stop teleportation journey
 14652 | D:11     | Found Fuschopa's Elemental Accessories.
 14672 | D:11     | XOM: silly message
 14964 | D:11     | Found a staircase to the Orcish Mines.
 15020 | D:11     | XOM: scenery: 1 doors close
 15199 | D:12     | XOM: potion effect (might)
 15343 | D:12     | Noticed a purple ugly thing
 15354 | D:12     | Killed a purple ugly thing
 15513 | D:12     | XOM: noise
 15577 | D:11     | XOM: cloud trail
 15634 | D:11     | XOM: scenery: 1 doors close
 15691 | Lair:1   | Entered Level 1 of the Lair of Beasts
 15704 | Lair:1   | XOM: confuse monster(s)
 15836 | Lair:1   | XOM: divination: detect items
 15857 | D:10     | XOM: summons 3 hostile shadow creatures
 16114 | D:10     | XOM: summons 2 hostile demons
 16154 | Lair:1   | XOM: 2-stop teleportation journey
 16309 | Lair:1   | XOM is BORED!
 16309 | Lair:1   | XOM: mild Conj miscast
 16374 | Lair:1   | XOM: confusion (+ monsters)
 16672 | Lair:1   | XOM: 3-stop teleportation journey
 16759 | Lair:1   | Noticed Gastronok
 16772 | Lair:1   | XOM: confusion (+ monsters)
 16786 | Lair:1   | Killed Gastronok
 17137 | Lair:1   | XOM: swap monsters
 17138 | Lair:1   | XOM: cast spell 'Call Canine Familiar'
 17289 | Lair:1   | XOM: noise
 17291 | Lair:1   | XOM: swap monsters
 17298 | Lair:1   | Reached skill level 10 in Unarmed Combat
 17298 | Lair:1   | Reached XP level 12. HP: 89/97 MP: 12/15
 17309 | Lair:1   | XOM: summons friendly quasit
 17772 | Lair:2   | XOM is BORED!
 17772 | Lair:2   | XOM: 1-stop teleportation journey
 17856 | Lair:2   | Found a staircase to the Swamp.
 17906 | Lair:2   | Noticed a six-headed hydra
 17907 | Lair:2   | XOM: cleaving
 17909 | Lair:2   | XOM: scenery: create altars
 17917 | Lair:2   | XOM: cast spell 'Summon Small Mammal'
 17919 | Lair:2   | Killed a one-headed hydra
 17930 | Lair:2   | Noticed a death yak
 17930 | Lair:2   | Noticed a death yak
 17931 | Lair:2   | Noticed a death yak
 17938 | Lair:2   | XOM: confuse monster(s)
 17947 | Lair:2   | XOM: summons 7 friendly demons
 17951 | Lair:2   | Reached skill level 10 in Fighting
 18156 | Lair:2   | XOM: scenery: 2 doors open
 18310 | Lair:2   | Reached skill level 5 in Evocations
 18317 | Lair:2   | XOM: scenery: create altars
 18333 | Lair:2   | XOM: potion effect (heal wounds)
 18346 | Lair:2   | XOM: scenery: create altars
 18350 | Lair:2   | XOM: repel stairs
 18673 | Lair:2   | Noticed a death yak
 18674 | Lair:2   | XOM: 1-stop teleportation journey
 18746 | Lair:2   | XOM: summons 2 hostile demons
 18752 | Lair:2   | XOM: enchant monster (bad)
 18758 | Lair:2   | XOM: 1-stop teleportation journey
 18779 | Lair:2   | Noticed a death yak
 18793 | Lair:2   | XOM: summons 7 friendly demons
 18857 | Lair:2   | XOM: confuse monster(s)
 18905 | Lair:2   | XOM: potion effect (invisibility)
 18977 | Lair:1   | XOM: harmless Pois miscast
 19584 | Lair:2   | Killed a death yak
 19589 | Lair:2   | XOM: divination: magic mapping
 19591 | Lair:2   | Killed a death yak
 19596 | Lair:2   | Killed a death yak
 19612 | Lair:2   | Killed a death yak
 19615 | Lair:2   | Killed a death yak
 19615 | Lair:2   | Reached skill level 11 in Unarmed Combat
 20015 | Lair:2   | Found a hole to the Spider Nest.
 20024 | Lair:2   | XOM: polymorph jumping spider -> cyclops
 20242 | Lair:2   | Noticed a seven-headed hydra
 20254 | Lair:2   | Killed a one-headed hydra
 20383 | Lair:2   | XOM: swap monsters
 20510 | Lair:2   | XOM: harmless Summ miscast
 20575 | Lair:3   | Noticed a death yak
 20578 | Lair:3   | Noticed a death yak
 20579 | Lair:3   | Noticed a death yak
 20579 | Lair:3   | XOM: swap monsters
 20580 | Lair:3   | Noticed a death yak
 20584 | Lair:3   | XOM: summons 5 hostile demons
 20587 | Lair:3   | Killed a death yak
 20587 | Lair:3   | Gained mutation: You have large cloven feet. [demonic ancestry]
 20587 | Lair:3   | Reached XP level 13. HP: 78/104 MP: 11/16
 20593 | Lair:3   | XOM: divination: detect items
 20626 | Lair:3   | XOM: scenery: create altars
 20654 | Lair:3   | XOM: enchant monster (good)
 20661 | Lair:3   | XOM: destruction
 20673 | Lair:3   | XOM: enchant monster (good)
 20677 | Lair:3   | Gained mutation: You have a pair of antennae on your head. [evolution]
 20951 | Lair:3   | XOM: enchant monster (good)
 21043 | Lair:3   | XOM: god gift: hat {god gift}
 21139 | Lair:3   | XOM: divination: detect items
 21434 | Lair:3   | XOM: scenery: create altars
 21475 | Lair:3   | XOM: divination: detect items
 21608 | Lair:3   | XOM: give mutation
 21608 | Lair:3   | Lost mutation: You evolve. [Xom's grace]
 21608 | Lair:3   | Gained mutation: You are somewhat resistant to further mutation. [Xom's grace]
 21679 | Lair:3   | XOM: god gift: pair of runed gloves {god gift}
 21754 | Lair:4   | Found a bloodstained altar of Trog.
 21772 | Lair:4   | XOM: smoke on damage
 21781 | Lair:4   | Slain by a komodo dragon

Skill      XL: |  1  2  3  4  5  6  7  8  9 10 11 12 |
---------------+-------------------------------------+-----
Maces & Flails | 3 |  3.2
Unarmed Combat | 1 2 3 5 6 7 8 9 10 11 | 11.5
Dodging        | 2 4 5 7 8 9 |  9.7
Fighting       | 5 6 7 8 9 10 | 10.9
Shields        | 2 3 4 |  4.0
Armour         | 2 4 5 7 8 |  8.7
Evocations     | 4 5 |  5.0

Action                   |  1- 3 |  4- 6 |  7- 9 | 10-12 | 13-15 || total
-------------------------+-------+-------+-------+-------+-------++-------
Melee: Mace              |    96 |   158 |       |       |       ||   254
       Punch             |       |     2 |     1 |       |       ||     3
       Unarmed           |       |   118 |   345 |   658 |    62 ||  1183
       Headbutt          |       |    14 |    24 |       |       ||    38
       Whip              |       |       |     3 |       |       ||     3
       Hand axe          |       |       |       |    12 |       ||    12
Evoke: Wand              |       |       |     1 |    10 |       ||    11
  Use: Scroll            |       |     8 |    11 |     4 |     4 ||    27
       Potion            |       |       |     8 |     7 |       ||    15
 Stab: Confused          |       |     1 |       |     7 |       ||     8
       Paralysed         |       |       |     5 |    12 |       ||    17
       Distracted        |       |       |       |     1 |     1 ||     2
       Invisible         |       |       |       |     1 |     4 ||     5
  Eat: Chunk             |     1 |     7 |    11 |    41 |     5 ||    65
       Ration            |       |     1 |     2 |     2 |       ||     5
Armor: Leather armour    |    46 |    77 |    20 |       |       ||   143
       Scale mail        |       |       |    44 |       |       ||    44
       Skin              |       |       |     8 |     6 |       ||    14
       Chain mail        |       |       |     9 |    42 |       ||    51
       Plate armour      |       |       |       |   181 |    15 ||   196
Dodge: Dodged            |    57 |   145 |   156 |   309 |    36 ||   703
Block: Buckler           |       |       |    31 |    86 |    11 ||   128

Vault maps used:
D:1:      lemuel_arrival_hallway, minmay_vboxes
D:2:      nicolae_ru_the_path_less_chosen, grunt_decor_fettered, uniq_natasha
D:3:      first_ration, gup_sewer_entry_bowl, uniq_crazy_yiuf_cottage
D:4:      grunt_temple_overflow_open, uniq_edmund
D:5:      st_stairs_9, minmay_misc_feat_roman, uniq_duvessa, uniq_ijyb,
          uniq_grinder, uniq_pikel
D:6:      serial_shops, shop
D:7:      temple_fountains, enter_ossuary_3, uniq_prince_ribbit1
D:8:      kennysheep_little_box, uniq_psyche
D:9:      serial_shops, shop, grunt_ogre_cave, grunt_ministairs_10,
          grunt_dithmenos_shadows
D:10:     lair_entry_dummy, uniq_joseph
D:11:     orc_0_dummy, nicolae_elemental_shop
D:12:     grunt_ministairs_9
Lair:1:   serial_bayou_shore_a, uniq_gastronok
Lair:2:   swamp_mist_pool, nicolae_spider_entry_tight_spaces,
          grunt_forest_stairs_clearing, lemuel_fruit_fields
Lair:3:   grunt_megastairs_4
Lair:4:   basic_altar, beast_lair_carwin_4, minmay_lair_oklob_chamber
Sewer:    sewer_minmay_w
Ossuary:  ossuary_due_mausoleum
